 Dungeon Crawl Stone Soup version 0.29-a0-322-g68df515428 (webtiles) character file.

Game seed: 10698240894067312806

120621 Murumi the Imperceptible (level 16, -7/97 HPs)
             Began as a Vampire Enchanter on Apr 5, 2022.
             Was the Champion of Okawaru.
             Shot with a bolt by Vashnia (9 damage)
             ... on level 2 of the Snake Pit on Apr 6, 2022.
             The game lasted 02:17:15 (29270 turns).

Murumi the Imperceptible (Vampire Enchanter)       Turns: 29270, Time: 02:17:18

Health: -7/97      AC: 15    Str: 10    XL:     16   Next: 30%
Magic:  29/30      EV: 18    Int: 18    God:    Okawaru [******]
Gold:   1825       SH:  0    Dex: 24    Spells: 19/35 levels left

rFire   + . .      SeeInvis +   b - +7 dagger (elec)
rCold   + + +      Faith    +   l - orb {guile}
rNeg    + + +      Spirit   .   w - +4 steam dragon scales
rPois   ∞          Reflect  .   p - +2 helmet of the Other World {rF+ rC+ rN+}
rElec   .          Harm     .   M - +0 cloak
rCorr   .          Rampage  .   (no gloves)
Will    .....                   v - +0 pair of boots of the Northern Lights {Str+3 Dex+2}
Stlth   ++++++++++              Q - amulet of faith
HPRegen 0.00/turn               f - +4 ring of slaying
MPRegen 0.22/turn               G - +4 ring of slaying

@: bloodless, inhibited regen
A: bloodless, fangs 3, see invisible, vampiric 2
a: Bat Form, Revivify, Renounce Religion, Heroism, Finesse, Duel


You were on level 2 of the Snake Pit.
You worshipped Okawaru.
Okawaru was exalted by your worship.
You visited 5 branches of the dungeon, and saw 26 of its levels.
You also visited: Ossuary and Ice Cave.

You collected 3203 gold pieces.
You spent 1378 gold pieces at shops.

Inventory:

Hand Weapons
 b - a +7 dagger of electrocution (weapon)
 A - the +10 dagger "Obluili" {antimagic, +Blink Stlth+}
   (Okawaru gifted it to you on level 6 of the Lair of Beasts)

   It reduces the magical energy of the wielder, and disrupts the spells and
   magical abilities of those it strikes.
   Natural abilities and divine invocations are not affected.
   +Blink:    It lets you blink.
   Stlth:     It makes you more stealthy.
 H - the +8 Vampire's Tooth {vamp}
   (You bought it in a shop on level 2 of the Orcish Mines)

   It occasionally heals its wielder for the full amount of damage dealt when it
   wounds a living foe.
Missiles
 I - 4 throwing nets (quivered)
Armour
 l - an orb of guile (worn)
 p - the +2 helmet of the Other World (worn) {rF+ rC+ rN+}
   (Okawaru gifted it to you on level 11 of the Dungeon)

   rF:        It protects you from fire.
   rC:        It protects you from cold.
   rN:        It protects you from negative energy.
 v - the +0 pair of boots of the Northern Lights (worn) {Str+3 Dex+2}
   (Okawaru gifted it to you on level 4 of the Lair of Beasts)

   Str:       It affects your strength (+3).
   Dex:       It affects your dexterity (+2).
 w - +4 steam dragon scales (worn)
 M - a +0 cloak (worn)
Jewellery
 a - a ring of protection from cold
 f - a +4 ring of slaying (left hand)
 j - a ring of flight
 G - a +4 ring of slaying (right hand)
 L - a ring of ice
 N - a +4 ring of evasion
 Q - an amulet of faith (around neck)
Wands
 i - a wand of paralysis (1)
 m - a wand of polymorph (16)
 t - a wand of iceblast (39)
 y - a wand of acid (1)
 z - a wand of mindburst (12)
 B - a wand of flame (15)
Scrolls
 n - 3 scrolls of magic mapping
 s - 10 scrolls of teleportation
 u - 5 scrolls of blinking
 C - a scroll of fog
 D - 2 scrolls of amnesia
 E - a scroll of brand weapon
 F - a scroll of fear
 K - 8 scrolls of identify
Potions
 c - 3 potions of invisibility
 e - 23 potions of curing
 g - 3 potions of brilliance
 h - 8 potions of might
 k - 3 potions of haste
 o - a potion of ambrosia
 q - 3 potions of mutation
 r - 5 potions of resistance
 x - 3 potions of cancellation
 J - 3 potions of heal wounds
Miscellaneous
 O - a condenser vane
 P - a tin of tremorstones (2/2)


   Skills:
 - Level 10.0 Fighting
 - Level 13.0 Short Blades
 - Level 4.0 Armour
 - Level 7.0 Dodging
 + Level 21.5 Stealth
 - Level 10.0 Spellcasting
 - Level 3.0 Conjurations
 - Level 19.0 Hexes
 - Level 6.0 Ice Magic
 - Level 5.0 Invocations
 - Level 5.0 Evocations


You had 19 spell levels left.
You knew the following spells:

 Your Spells              Type           Power      Damage    Failure   Level
a - Ensorcelled Hibernat  Hex/Ice        100%       N/A       1%          2
b - Confusing Touch       Hex            67%        N/A       0%          3
c - Tukima's Dance        Hex            67%        N/A       0%          3
d - Dazzling Flash        Conj/Hex       96%        N/A       1%          3
e - Metabolic Englaciati  Hex/Ice        26%        N/A       1%          5

Your spell library contained the following spells:

 Spells                   Type           Power      Damage    Failure   Level
 Frozen Ramparts          Ice            60%        1d8       1%          3
 Ozocubu's Armour         Ice            30%        N/A       1%          3
 Static Discharge         Conj/Air       14%        N/A       6%          2
 Apportation              Tloc           18%        N/A       8%          1
 Corpse Rot               Necr/Air       18%        N/A       12%         2
 Passwall                 Tmut/Erth      7%         N/A       12%         2
 Scorch                   Fire           18%        2d6       12%         2
 Mephitic Cloud           Conj/Pois/Air  12%        N/A       16%         3
 Ice Form                 Ice/Tmut       19%        N/A       22%         4
 Ignite Poison            Fire/Tmut/Pois 9%         N/A       24%         3
 Swiftness                Air            9%         N/A       24%         3
 Flame Wave               Conj/Fire      14%        2d6       38%         4
 Freezing Cloud           Conj/Ice/Air   9%         6-21      54%         5
 Iskenderun's Battlesphe  Conj           19%        2d7       54%         5
 Dispel Undead            Necr           9%         3d8       61%         4
 Olgreb's Toxic Radiance  Pois           9%         N/A       61%         4
 Fireball                 Conj/Fire      7%         3d5       75%         5
 Lightning Bolt           Conj/Air       7%         1d19      75%         5
 Alistair's Intoxication  Tmut/Pois      6%         N/A       91%         5
 Ozocubu's Refrigeration  Ice            15%        4d8       99%         7
 Conjure Ball Lightning   Conj/Air       7%         3x3d6     100%        6
 Orb of Destruction       Conj           9%         9d6       100%        7
 Ignition                 Fire           4%         3d4       100%        8
 Maxwell's Capacitive Co  Air            4%         ∞         100%        8
 Summon Ice Beast         Ice/Summ       Unusable   N/A       N/A         4
 Simulacrum               Ice/Necr       Unusable   N/A       N/A         6
 Death Channel            Necr           Unusable   N/A       N/A         6
 Summon Cactus Giant      Summ           Unusable   N/A       N/A         6

Dungeon Overview and Level Annotations

Branches:
Dungeon (15/15)            Temple (1/1) D:5            Lair (6/6) D:8
 Shoals (0/4) Lair:2        Snake (2/4) Lair:4        Slime (0/5) Lair:5
    Orc (2/2) D:9             Elf (0/3) Orc:2        Vaults (0/5) D:14
 Depths (0/4) D:15        Ossuary (visited)           IceCv (visited)

Altars:
Ashenzari
Cheibriados
Dithmenos
Elyvilon
Fedhas
Gozag
Hepliaklqana
Kikubaaqudgha
Makhleb
Nemelex Xobeh
Okawaru
Qazlal
Ru
Sif Muna
Trog
Uskayaw
Vehumet
Wu Jian
Xom
Yredelemnul
Zin
The Shining One
Beogh
Jiyva

Shops:
D:10 !   D:15 *(   Orc:2 *(*[?

Portals:
Hell: Lair:6
Trove: D:11 (give 12 scrolls of teleportation)

Annotations:
Snake:2 Vashnia


Innate Abilities, Weirdness & Mutations

You do not regenerate when monsters are visible.
You are frail without blood (-20% HP).
You can heal yourself when you bite living creatures.
You are immune to poison.
You have razor-sharp teeth.
You have supernaturally acute eyesight. (SInv)
You are afflicted with vampirism and can become a bat while bloodless.


Message History

The salamander misses you.
Casting: Ensorcelled Hibernation (safe; 1% risk of failure)
Confirm with . or Enter, or press ? or * to list all spells.
Aiming: Ensorcelled Hibernation (safe; 1% risk of failure)
Press: ? - help, Shift-Dir - straight line, f - salamander
Aim: a salamander (chance to affect: 84%)
The salamander looks drowsy...
The naga sharpshooter shouts! x2; You hear a shout!
The naga sharpshooter gestures wildly while chanting.
The naga sharpshooter magically shoots a bolt.
The bolt barely misses you.
The naga sharpshooter shoots an arrow.
The arrow barely misses you.
The helpless salamander fails to defend itself.
You bite the salamander, and draw its blood!
You skewer the salamander like a kebab!!!!!!
You kill the salamander!
Okawaru accepts your kill.
The naga sharpshooter shoots an arrow.
The arrow hits you!
You hear a shout!
The naga sharpshooter gestures wildly while chanting.
The naga sharpshooter magically shoots an arrow.
The arrow hits you!!
The naga sharpshooter casts a spell.
The naga sharpshooter magically shoots an arrow.
The arrow hits you.
The naga sharpshooter shouts!
The naga sharpshooter mumbles some strange words.
The naga sharpshooter magically shoots a bolt.
The bolt hits you!!
The naga sharpshooter spits poison at you.
The splash of poison hits you but does no damage.
You resist.
You are too injured to fight recklessly!
The naga sharpshooter mumbles some strange words.
The naga sharpshooter magically shoots a bolt.
The bolt barely misses you.
Vashnia casts a spell.
Vashnia magically shoots a bolt.
The bolt hits you!!
* * * LOW HITPOINT WARNING * * *
You die...

###...(#
#.........<...#
# ##...#
#...........^##
# ##..#
#...........##
# ##.#
#..........##
###
#..........#
####
#.......)..##
#..##
#....[......#
....###
####.<.....##
......##
###@#####
.......# #N#
.......# #N#
......## #N#
......## #N#
.......###..
#N#
))...........
#N#
..†))#####...
### ...[.# .


You could see Vashnia and 5 naga sharpshooters.

Vanquished Creatures
  Asterion (Snake:2)
  Kirke (Snake:2)
  A nagaraja (Snake:2)
  The ghost of Kixze Teama the Eclecticist, an adept DjCj of Gozag (D:15)
  A fire giant (D:15)
  4 orc warlords
  A reaper (IceCv)
  4 naga warriors
  A vault guard (D:14)
  3 two-headed ogres
  Harold (D:10)
  3 boulder beetles
  A centaur warrior (D:14)
  9 hydras
  3 anacondas (Snake:1)
  A death knight (D:12)
  2 shock serpents (Snake:1)
  7 death yaks
  3 naga sharpshooters
  3 orc high priests (Orc:2)
  A tengu warrior (D:14)
  Urug (D:11)
  A sixfirhy (Lair:6)
  A skeletal warrior (D:12)
  12 orc knights
  3 deep elf pyromancers
  A wizard (Lair:6)
  11 ugly things
  6 mana vipers (Snake:1)
  3 cyclopes
  4 orc sorcerers (Orc:2)
  4 manticores
  An oklob plant (Lair:2)
  3 salamanders
  9 elephants
  6 naga magi
  2 guardian serpents
  An orange demon (Lair:6)
  15 black mambas
  A torpor snail (Lair:6)
  17 cane toads
  2 ice statues (IceCv)
  A gargoyle (D:13)
  7 rime drakes
  13 komodo dragons
  An unseen horror (shapeshifter) (D:13)
  3 kobold demonologists
  3 freezing wraiths
  An efreet (D:15)
  6 ice devils
  A hellwing (Lair:6)
  A burning bush (Lair:2)
  A tengu conjurer (D:14)
  4 trolls
  3 red devils (Lair:6)
  3 meliai (D:13)
  A snapping turtle (Lair:2)
  9 slime creatures (D:12)
  16 blink frogs
  Sigmund (D:3)
  2 wraiths
  6 wyverns
  3 steam dragons
  48 yaks
  11 humans
  8 basilisks
  5 death yak simulacra
  3 hogs (Snake:2)
  4 vampire mosquitoes (D:11)
  9 wargs
  11 nagas
  5 hell hounds (Lair:6)
  A harpy simulacrum (IceCv)
  18 water moccasins
  7 black bears
  42 orc warriors
  3 sky beasts
  An ice beast (D:5)
  13 ogres
  25 wolves
  11 centaurs
  5 boggarts (D:15)
  2 phantoms
  8 kobold brigands
  An elf zombie (Ossuary)
  A necrophage (D:6)
  10 bullfrogs
  3 gnoll sergeants
  4 scorpions
  2 cane toad simulacra
  2 two-headed ogre simulacra (D:13)
  15 wights
  11 killer bees
  3 howler monkeys
  An electric eel (Lair:2)
  A human zombie (Ossuary)
  28 orc priests
  3 hounds
  3 gnoll shamans
  3 jellies
  4 iguanas
  26 orc wizards
  6 hell rats
  2 polar bear simulacra (D:13)
  5 spriggan simulacra
  3 troll simulacra (IceCv)
  2 wolf simulacra (IceCv)
  A hound zombie (Ossuary)
  4 mummies (Ossuary)
  16 gnolls
  12 adders
  2 naga simulacra
  2 shadow imps (D:7)
  3 white imps
  4 ufetubi
  5 dart slugs
  72 orcs
  2 bat zombies (D:10)
  9 endoplasms
  5 giant cockroaches
  2 gnoll zombies (Ossuary)
  4 goblins
  6 hobgoblins
  3 jackals (D:4)
  4 quokkas
  9 ball pythons
  3 bats
  3 frilled lizards
  A goblin zombie (Ossuary)
  A jackal skeleton (D:8)
  2 jackal zombies
  12 kobolds
  A kobold skeleton (D:8)
  3 kobold zombies (Ossuary)
  An orc zombie (Ossuary)
  3 rats
  4 rat zombies
820 creatures vanquished.

Vanquished Creatures (others)
  A human (D:14)
  An orc priest (Orc:2)
  An ufetubus (IceCv)
  A bush (Snake:2)
  26 fungi
  27 plants
57 creatures vanquished.

Grand Total: 877 creatures vanquished

Notes
Turn   | Place    | Note
-------+----------+-------------------------------------------
     0 | D:1      | Murumi the Vampire Enchanter began the quest for the Orb.
     0 | D:1      | Reached XP level 1. HP: 13/13 MP: 3/3
    23 | D:1      | Found a faded altar of an unknown god.
   102 | D:1      | Reached skill level 5 in Stealth
   474 | D:1      | Reached XP level 2. HP: 16/16 MP: 5/5
   490 | D:1      | Reached skill level 1 in Fighting
  1356 | D:2      | Learned a level 2 spell: Ensorcelled Hibernation
  1906 | D:3      | Gained mutation: You are afflicted with vampirism and can
                  | become a bat while bloodless. [Vampire growth]
  1906 | D:3      | Reached XP level 3. HP: 20/20 MP: 6/6
  1942 | D:3      | Noticed a black bear
  1996 | D:3      | Reached skill level 1 in Ice Magic
  2093 | D:3      | Found a snail-covered altar of Cheibriados.
  2333 | D:3      | Reached XP level 4. HP: 26/26 MP: 7/7
  2695 | D:3      | Noticed a scorpion
  2699 | D:3      | Killed a scorpion
  2700 | D:3      | Reached skill level 1 in Evocations
  2700 | D:3      | Reached skill level 6 in Stealth
  2706 | D:3      | Noticed Sigmund
  2711 | D:3      | Killed Sigmund
  2712 | D:3      | Reached skill level 5 in Hexes
  2712 | D:3      | Reached XP level 5. HP: 30/30 MP: 8/8
  2712 | D:3      | Reached XP level 6. HP: 35/35 MP: 9/9
  2950 | D:3      | Reached skill level 7 in Stealth
  3208 | D:4      | Found an opulent altar of Gozag.
  3254 | D:4      | Learned a level 3 spell: Confusing Touch
  3258 | D:4      | Learned a level 3 spell: Tukima's Dance
  3327 | D:4      | Reached skill level 8 in Stealth
  3574 | D:4      | Reached XP level 7. HP: 34/40 MP: 7/10
  3825 | D:4      | Learned a level 3 spell: Dazzling Flash
  3936 | D:5      | Entered Level 5 of the Dungeon
  4066 | D:5      | Found a staircase to the Ecumenical Temple.
  4093 | D:5      | Reached skill level 1 in Conjurations
  4120 | D:5      | Reached skill level 9 in Stealth
  4195 | D:5      | Found a sand-covered staircase.
  4200 | Ossuary  | Entered an ossuary
  4233 | Ossuary  | Reached skill level 1 in Armour
  4233 | Ossuary  | Reached XP level 8. HP: 31/46 MP: 12/12
  5106 | D:5      | Identified the +1 robe of a wizard's laboratory {+Inv
                  | Will+}
  5181 | D:5      | Reached skill level 5 in Short Blades
  5300 | D:5      | Reached skill level 10 in Stealth
  5319 | Temple   | Entered the Ecumenical Temple
  5386 | Temple   | Became a worshipper of Warmaster Okawaru
  5878 | D:6      | Reached skill level 1 in Invocations
  6135 | D:6      | Reached XP level 9. HP: 52/52 MP: 11/14
  6170 | D:6      | Reached * piety under Okawaru
  6778 | D:6      | Identified the +10 spear of Afonaz Gosu {venom, Fragile
                  | rElec rPois SInv}
  6829 | D:7      | Found a sacrificial altar of Ru.
  6941 | D:7      | Reached skill level 11 in Stealth
  7000 | D:7      | Reached skill level 10 in Hexes
  7195 | D:7      | Reached ** piety under Okawaru
  7438 | D:7      | Reached skill level 12 in Stealth
  7656 | D:7      | Found a shimmering altar of Xom.
  7793 | D:8      | Found a staircase to the Lair.
  7905 | D:8      | Reached skill level 5 in Fighting
  8069 | D:8      | Found a stormy altar of Qazlal.
  8139 | D:8      | Noticed a manticore
  8145 | D:8      | Killed a manticore
  8146 | D:8      | Reached XP level 10. HP: 59/59 MP: 16/16
  8191 | D:8      | Found a runed translucent door.
  8194 | D:8      | Found a basalt altar of Yredelemnul.
  8291 | D:8      | Reached skill level 5 in Spellcasting
  8406 | D:8      | Reached *** piety under Okawaru
  8928 | Lair:1   | Entered Level 1 of the Lair of Beasts
  8994 | Lair:1   | Noticed a cane toad
  9015 | Lair:1   | Killed a cane toad
  9094 | Lair:1   | Noticed a black mamba
  9101 | Lair:1   | Killed a black mamba
  9102 | Lair:1   | Reached skill level 13 in Stealth
  9147 | Lair:1   | Noticed a cane toad
  9177 | Lair:1   | Killed a cane toad
  9177 | Lair:1   | Reached **** piety under Okawaru
  9246 | Lair:1   | Noticed a cane toad
  9253 | Lair:1   | Killed a cane toad
  9259 | Lair:1   | Noticed a black mamba
  9265 | Lair:1   | Killed a black mamba
  9269 | Lair:1   | Reached XP level 11. HP: 63/63 MP: 12/18
  9620 | Lair:1   | Reached skill level 14 in Stealth
  9622 | Lair:1   | Reached ***** piety under Okawaru
  9883 | Lair:1   | Noticed a seven-headed hydra
  9891 | Lair:1   | Killed a seven-headed hydra
  9891 | Lair:1   | Received a gift from Okawaru
 10215 | Lair:2   | Noticed an oklob plant
 10221 | Lair:2   | Killed an oklob plant
 10704 | Lair:2   | Found a staircase to the Shoals.
 11047 | Lair:2   | Noticed an eight-headed hydra
 11054 | Lair:2   | Killed an eight-headed hydra
 11284 | Lair:3   | Received a gift from Okawaru
 11337 | Lair:3   | Reached skill level 15 in Stealth
 11415 | Lair:3   | Reached ****** piety under Okawaru
 11659 | Lair:3   | Noticed a four-headed hydra
 11666 | Lair:3   | Killed a four-headed hydra
 11667 | Lair:3   | Reached XP level 12. HP: 70/70 MP: 18/21
 12122 | Lair:4   | Found a staircase to the Snake Pit.
 12124 | Lair:4   | Reached skill level 16 in Stealth
 12136 | Lair:4   | Identified the +0 pair of boots of the Northern Lights
                  | {Str+3 Dex+2} (Okawaru gifted it to you on level 4 of the
                  | Lair of Beasts)
 12136 | Lair:4   | Received a gift from Okawaru
 12696 | Lair:4   | Noticed a death yak
 12698 | Lair:4   | Noticed a death yak
 12700 | Lair:4   | Noticed a death yak
 12710 | Lair:4   | Killed a death yak
 12711 | Lair:4   | Reached skill level 5 in Dodging
 12721 | Lair:4   | Killed a death yak
 12723 | Lair:4   | Killed a death yak
 12724 | Lair:4   | Noticed a death yak
 12739 | Lair:4   | Reached skill level 17 in Stealth
 12742 | Lair:4   | Killed a death yak
 12877 | Lair:4   | Reached skill level 10 in Short Blades
 13636 | Lair:5   | Reached XP level 13. HP: 76/76 MP: 12/23
 13699 | Lair:5   | Reached skill level 15 in Hexes
 13739 | Lair:5   | Identified the +1 helmet "Risi" {Str+5 Dex-5} (Okawaru
                  | gifted it to you on level 5 of the Lair of Beasts)
 13739 | Lair:5   | Received a gift from Okawaru
 13864 | Lair:5   | Reached skill level 18 in Stealth
 13943 | Lair:5   | Found a staircase to the Slime Pits.
 13944 | Lair:5   | Found a viscous altar of Jiyva.
 14053 | Lair:5   | You fall into a shaft and drop 1 floor!
 14053 | Lair:6   | Entered Level 6 of the Lair of Beasts
 14677 | Lair:6   | Identified the +10 dagger "Obluili" {antimagic, +Blink
                  | Stlth+} (Okawaru gifted it to you on level 6 of the Lair of
                  | Beasts)
 14677 | Lair:6   | Received a gift from Okawaru
 14799 | Lair:6   | Found a burning altar of Makhleb.
 14831 | Lair:6   | HP: 1/78 [red devil/+0 trident of protection (10)]
 15126 | Lair:6   | Reached skill level 5 in Ice Magic
 15911 | Lair:6   | Reached XP level 14. HP: 60/84 MP: 21/26
 16490 | Lair:6   | Found a gateway to Hell.
 17247 | D:9      | Found a staircase to the Orcish Mines.
 17401 | D:9      | Received a gift from Okawaru
 17677 | Orc:1    | Entered Level 1 of the Orcish Mines
 17884 | Orc:1    | Reached skill level 19 in Stealth
 18065 | Orc:1    | Noticed an orc warlord
 18073 | Orc:1    | Killed an orc warlord
 18270 | Orc:2    | Entered Level 2 of the Orcish Mines
 18276 | Orc:2    | Found a staircase to the Elven Halls.
 18276 | Orc:2    | Found Raut Pef's Magic Scroll Boutique.
 18288 | Orc:2    | Bought a scroll of enchant armour for 105 gold pieces
 18288 | Orc:2    | Bought a scroll of enchant armour for 105 gold pieces
 18290 | Orc:2    | Bought a scroll of identify for 28 gold pieces
 18290 | Orc:2    | Bought a scroll of identify for 28 gold pieces
 18290 | Orc:2    | Bought a scroll of identify for 28 gold pieces
 18980 | Orc:2    | Found Huruinam's General Store.
 18980 | Orc:2    | Found Fosugios's Antique Armour Shoppe.
 18982 | Orc:2    | Found Voneiman's Weapon Shop.
 18982 | Orc:2    | Found Loax's General Store.
 19009 | Orc:2    | Bought a scroll of magic mapping for 56 gold pieces
 19011 | Orc:2    | Bought the +8 Vampire's Tooth {vamp} for 660 gold pieces
 19011 | Orc:2    | Found the +8 Vampire's Tooth {vamp}
 19052 | Orc:2    | Received a gift from Okawaru
 19087 | Orc:2    | Noticed an orc warlord
 19251 | Orc:2    | Noticed an orc warlord
 19255 | Orc:2    | Killed an orc warlord
 19276 | Orc:2    | Noticed an orc warlord
 19279 | Orc:2    | Killed an orc warlord
 19597 | Orc:2    | Killed an orc warlord
 19760 | Orc:2    | Identified the +4 shortbow "Vampire's Foe" {freeze, rElec}
 19761 | Orc:2    | Identified the +1 chain mail of Zoudemy {rC++}
 20096 | D:10     | Entered Level 10 of the Dungeon
 20192 | D:10     | Found Gasouh's Distillery.
 20221 | D:10     | Noticed Harold
 20231 | D:10     | Reached skill level 20 in Stealth
 20298 | D:10     | Killed Harold
 20436 | D:10     | Learned a level 5 spell: Metabolic Englaciation
 20689 | D:10     | Found a broken altar of Ashenzari.
 20929 | D:10     | Found an ancient bone altar of Kikubaaqudgha.
 21153 | D:11     | Identified the +2 helmet of the Other World {rF+ rC+ rN+}
                  | (Okawaru gifted it to you on level 11 of the Dungeon)
 21153 | D:11     | Received a gift from Okawaru
 21213 | D:11     | Found a portal to a secret trove of treasure.
 21229 | D:11     | Noticed Urug
 21235 | D:11     | Killed Urug
 21551 | D:12     | Reached XP level 15. HP: 90/90 MP: 28/28
 22167 | D:12     | You fall into a shaft and drop 2 floors!
 22272 | D:13     | Found a frozen archway.
 22315 | IceCv    | Entered an ice cave
 23877 | D:13     | Reached skill level 5 in Invocations
 24311 | D:13     | Identified the +5 quick blade of Crusades {vorpal, Str+4
                  | Int-2 Dex+4 SInv} (Okawaru gifted it to you on level 13 of
                  | the Dungeon)
 24311 | D:13     | Received a gift from Okawaru
 24312 | D:13     | Reached skill level 5 in Evocations
 25529 | D:14     | Found a gate to the Vaults.
 25592 | D:15     | Entered Level 15 of the Dungeon
 25640 | D:15     | Reached skill level 21 in Stealth
 26035 | D:15     | Found Jani's Assorted Antiques.
 26054 | D:15     | Identified the +3 ring mail of Vlad {Will+ Dex+3} (Okawaru
                  | gifted it to you on level 15 of the Dungeon)
 26054 | D:15     | Received a gift from Okawaru
 26135 | D:15     | Found a staircase to the Depths.
 26135 | D:15     | Noticed a fire giant
 26146 | D:15     | Killed a fire giant
 26227 | D:15     | Bought a potion of might for 128 gold pieces
 26227 | D:15     | Bought a scroll of enchant armour for 240 gold pieces
 26273 | D:15     | Found a runed translucent door.
 26274 | D:15     | Noticed Kixze Teama's ghost (adept DjCj)
 26275 | D:15     | Found Gykig's Antique Weapon Shop.
 26641 | D:15     | Found an ornate altar of the Wu Jian Council.
 26757 | D:15     | Killed Kixze Teama's ghost
 26785 | D:15     | Upgraded the game from 0.29-a0-321-gf1c400731a to
                  | 0.29-a0-322-g68df515428
 27024 | Snake:1  | Entered Level 1 of the Snake Pit
 27030 | Snake:1  | Reached skill level 10 in Fighting
 27330 | Snake:1  | Reached XP level 16. HP: 97/97 MP: 15/29
 27602 | Snake:1  | Reached skill level 10 in Spellcasting
 28024 | Snake:2  | Noticed Vashnia
 28029 | Snake:2  | HP: 2/97 [black mamba (6)]
 28032 | Snake:1  | Identified the +1 robe "Hero's Friend" {rElec rCorr}
                  | (Okawaru gifted it to you on level 1 of the Snake Pit)
 28032 | Snake:1  | Received a gift from Okawaru
 29068 | Snake:2  | Noticed Kirke
 29084 | Snake:2  | Killed Kirke
 29132 | Snake:2  | Noticed Asterion
 29137 | Snake:2  | Killed Asterion
 29270 | Snake:2  | HP: 2/97 [Vashnia/bolt (31)]
 29270 | Snake:2  | Shot with a bolt by Vashnia

Illustrated notes

Levels and vault maps discovered:
D:1:      psy_arrival_whirlpool, layout_basic, shapermc_ecumenical_altar_ellora,
          minmay_strange_pillars
D:2:      layout_rooms, lemuel_another_geyser
D:3:      layout_basic, marbit_many_paths, gup_sewer_entry_bowl,
          kennysheep_boxes, uniq_sigmund
D:4:      cheibrodos_barr_body, layout_rooms, gammafunk_temple_overflow_statue
D:5:      layout_loops_ring, minmay_temple_entry_slanted, enter_ossuary_5,
          minmay_fractal_squares_5
D:6:      layout_cave_pools, minmay_unpleasant_kobolds
D:7:      minmay_general_purpose_star, layout_rooms, kennysheep_little_box,
          mainiacjoe_overflow_paths, nicolae_ru_awakened_eye
D:8:      kennysheep_ambush_hall, layout_loops_ring, dk_yredelemnul_ordeal,
          grunt_qazlal_clouds
D:9:      layout_long_grid, kennysheep_orc_monster_closet_entryway, st_stairs_9
D:10:     layout_basic, lemuel_tele_altar, lemuel_zombie_altar_kikubaaqudgha,
          serial_shops, shop, uniq_harold
D:11:     layout_rooms, enter_trove_2, uniq_urug
D:12:     layout_roguey
D:13:     layout_layer_cave, portal_ice_cave_entry_ice_simulacra
D:14:     layout_roguey, ximxim_vaults_locker_room
D:15:     grunt_enter_depths_giant_problem, layout_cave_pools,
          pdpol_wu_jian_five_deadly_venoms, gammafunk_ghost_grave, serial_shops,
          nicolae_diamond_shop, shop
Temple:   nicolae_temple_no_exploring_needed
Lair:1:   layout_layer_cave, lemuel_fruit_tree
Lair:2:   layout_cellular_growth, minmay_shoals_entry_hut, evilmike_ambush
          [evilmike_ambush_outer_basic, evilmike_ambush_inner_basic]
Lair:3:   layout_cellular_growth
Lair:4:   layout_gridlike, minmay_snake_entry_spellcaster, lemuel_fruit_fields
Lair:5:   layout_regular_city, slime_altar_1
Lair:6:   evil_forest, layout_gridlike, special_room
          [special_room_mythical_zoo], grunt_megastairs_5
Snake:1:  cheibrodos_forgotten_conduit, layout_misc_corridors
Snake:2:  layout_cave_pods, minmay_shop_grove, uniq_aizul, uniq_kirke,
          uniq_roxanne, uniq_vashnia, uniq_asterion
Orc:1:    layout_diamond_mine, basic_altar
Orc:2:    grunt_orc_tribal_feast, layout_caves, basic_altar, serial_shops,
          nicolae_shop_trees, minmay_orc_treasury

Skill      XL: |  1  2  3  4  5  6  7  8  9 10 11 12 13 14 15 16 |
---------------+-------------------------------------------------+-----
Stealth        | 5 6 8 9 10 12 13 15 17 18 20 21 | 21.5
Fighting       | 1 2 3 4 5 6 7 8 9 10 | 10.0
Short Blades   | 2 3 4 5 7 8 9 10 11 12 13 | 13.0
Dodging        | 3 4 5 6 7 |  7.0
Ice Magic      | 1 2 3 4 5 6 |  6.0
Evocations     | 1 2 3 4 5 |  5.0
Hexes          | 6 7 9 10 12 13 14 16 18 19 | 19.0
Spellcasting   | 3 4 5 6 7 8 9 10 | 10.0
Conjurations   | 1 2 3 |  3.0
Armour         | 1 2 3 4 |  4.0
Invocations    | 1 2 3 4 5 |  5.0

Action                   |  1- 3 |  4- 6 |  7- 9 | 10-12 | 13-15 | 16-18 || total
-------------------------+-------+-------+-------+-------+-------+-------++-------
Melee: Dagger            |    66 |    48 |   335 |   228 |   991 |    68 ||  1736
       Bite              |     4 |     1 |    46 |    23 |   115 |     7 ||   196
       Quick blade       |       |       |       |       |    37 |       ||    37
 Cast: Ensorcelled Hiber |     1 |     3 |    27 |   102 |   224 |    23 ||   380
       Confusing Touch   |       |       |     7 |     8 |    11 |       ||    26
       Dazzling Flash    |       |       |       |       |     2 |       ||     2
 Abil: Exsanguinate      |     1 |       |       |       |       |       ||     1
  Use: Scroll            |     4 |     4 |    15 |     6 |    15 |     1 ||    45
       Potion            |       |       |     1 |     1 |     5 |       ||     7
 Stab: Sleeping          |    21 |    10 |    51 |   108 |   235 |    21 ||   446
       Distracted        |       |     1 |       |     3 |    10 |       ||    14
       Confused          |       |       |     7 |     6 |    11 |       ||    24
       Invisible         |       |       |       |       |     4 |       ||     4
Armor: Robe              |     9 |    13 |    59 |       |       |       ||    81
       Steam dragon scal |       |       |     9 |    65 |   179 |    17 ||   270
Dodge: Dodged            |    20 |    21 |   121 |   129 |   439 |    50 ||   780
Block: Other             |     4 |       |       |       |       |       ||     4
       Orb               |     3 |     9 |    51 |    45 |   146 |       ||   254
       Reflection        |       |       |       |       |     4 |       ||     4

Table legend: (Time is in decaauts)
 A = Elapsed time spent in this place.
 B = Non-inter-level travel time spent in this place.
 C = Inter-level travel time spent in this place.
 D = Time resting spent in this place.
 E = Time spent auto-exploring this place.
 F = Levels seen in this place.
 G = Mean time per level.
                   A        B        C        D        E       F      G
               +--------+--------+--------+--------+--------+-----+--------+
         Total |  28613 |  26037 |   2576 |   2802 |  17952 |  28 | 1021.9 |
       Dungeon |  14456 |  12747 |   1709 |   1008 |   9005 |  15 |  963.7 |
        Temple |     74 |     48 |     26 |      0 |     47 |   1 |   74.0 |
          Lair |   7825 |   7352 |    473 |    138 |   5950 |   6 | 1304.2 |
     Snake Pit |   2194 |   1944 |    250 |    560 |   1074 |   2 | 1097.0 |
  Orcish Mines |   2222 |   2104 |    118 |    216 |   1278 |   2 | 1111.0 |
       Ossuary |    731 |    731 |      0 |    325 |    240 |   1 |  731.0 |
      Ice Cave |   1108 |   1108 |      0 |    555 |    357 |   1 | 1108.0 |
               +--------+--------+--------+--------+--------+-----+--------+

Top non-repeatable levels by time:
  Lair:6: 2221 daAuts
 Snake:1: 1805 daAuts
   Orc:2: 1505 daAuts
     D:8: 1300 daAuts
  Lair:1: 1271 daAuts
     D:3: 1241 daAuts
    D:13: 1224 daAuts
     D:1: 1194 daAuts
  Lair:4: 1182 daAuts
     D:5: 1173 daAuts
  Lair:2: 1142 daAuts
   IceCv: 1108 daAuts
  Lair:3: 1016 daAuts
  Lair:5: 991 daAuts
    D:14: 977 daAuts
